[Event "Titled Tuesday Blitz June 20 Early 2023"]
[White "Vaibhav Jayant Raut"]
[Black "Czerw, Dawid"]
[WhiteFideId "5089034"]
[BlackFideId "1145746"]
[WhiteElo "2156"]
[BlackElo "2144"]
[Result "1-0"]
[Round "8"]
[TimeControl "180+2"]
[Date "2023.06.20"]
[WhiteClock "0:00:51"]
[BlackClock "0:00:00"]
[Board "77"]

1. Nf3 c5 2. g3 Nc6 3. d3 Nf6 4. Nbd2 g6 5. Bg2 Bg7 6. O-O d6 7. a4 O-O 8. e4 a5 9. Re1 Nd7 10. h4 Nde5 11. h5 Bg4 12. Nc4 Bxh5 13. Ncxe5 Nxe5 14. c3 e6 15. Bf4 Nxf3+ 16. Bxf3 Bxf3 17. Qxf3 Qd7 18. Kg2 Qc6 19. Rh1 f5 20. Rae1 e5 21. Bg5 fxe4 22. Qxe4 d5 23. Qh4 h5 24. g4 e4 25. gxh5 exd3 26. h6 d4+ 27. Kg1 d2 28. Bxd2 Bf6 29. h7+ Kh8 30. Qg4 dxc3 31. Bxc3 Bxc3 32. bxc3 Qf6 33. Re2 Rae8 34. Rh3 Rxe2 35. Qxe2 Qg7 36. Qe6 Rd8 37. Rf3 Rf8 38. Rg3 Qxh7 39. Rh3 Rf7 40. Rxh7+ 1-0


[Site "https://www.chess.com"]

[Event "Titled Tuesday Blitz June 20 Early 2023"]
[White "Heinemann, Josefine"]
[Black "Martic, Ivan"]
[WhiteFideId "12900460"]
[BlackFideId "929301"]
[WhiteElo "2342"]
[BlackElo "2346"]
[Result "0-1"]
[Round "8"]
[TimeControl "180+2"]
[Date "2023.06.20"]
[WhiteClock "0:00:05"]
[BlackClock "0:00:32"]
[Board "78"]

1. d4 d5 2. c4 c6 3. Nf3 Nf6 4. e3 Bf5 5. Nc3 e6 6. Qb3 Qb6 7. Bd2 h6 8. Be2 Nbd7 9. O-O Be7 10. Rfc1 O-O 11. cxd5 exd5 12. Na4 Qxb3 13. axb3 Ne4 14. Be1 Rfe8 15. b4 a6 16. Nc5 Rab8 17. h3 Bd6 18. g4 Be6 19. Nd2 Nef6 20. Nxe6 Rxe6 21. Nb3 Ne4 22. Nc5 Ndxc5 23. bxc5 Bc7 24. b4 Rbe8 25. Kg2 Ng5 26. h4 Ne4 27. f3 Nf6 28. Bf2 Bf4 29. exf4 Rxe2 30. Kf1 h5 31. g5 Nd7 32. f5 g6 33. f6 R8e6 34. Re1 Rxe1+ 35. Rxe1 Rxe1+ 36. Kxe1 Nf8 37. Ke2 Ne6 38. Be3 Kf8 39. Kd3 Ke8 40. Bd2 Kd7 41. Ke3 Kc7 42. Be1 b6 43. Bg3+ Kb7 44. Bd6 a5 45. cxb6 a4 46. Kd3 a3 47. Kc3 Nxd4 48. Bc5 Nxf3 49. Bf2 d4+ 50. Kb3 d3 0-1


[Site "https://www.chess.com"]

[Event "Titled Tuesday Blitz June 20 Early 2023"]
[White "Savitha Shri B"]
[Black "Sadykov, Ramil"]
[WhiteFideId "35061887"]
[BlackFideId "24113590"]
[WhiteElo "2172"]
[BlackElo "2245"]
[Result "0-1"]
[Round "8"]
[TimeControl "180+2"]
[Date "2023.06.20"]
[WhiteClock "0:00:05"]
[BlackClock "0:00:24"]
[Board "79"]

1. e4 c5 2. Nf3 e6 3. d4 cxd4 4. Nxd4 Nf6 5. Nc3 Bb4 6. e5 Nd5 7. Bd2 Bxc3 8. bxc3 O-O 9. c4 Ne7 10. Bd3 d6 11. exd6 Qxd6 12. Qh5 Ng6 13. Nb5 Qe7 14. O-O Nc6 15. Bg5 f6 16. Be3 e5 17. Bxg6 hxg6 18. Qxg6 Be6 19. c5 Bc4 20. Rfb1 Bxb5 21. Rxb5 Rad8 22. Rab1 Rd7 23. h4 Qf7 24. Qxf7+ Rfxf7 25. g4 Kf8 26. Kg2 Ke8 27. c3 Kd8 28. Kf3 Kc8 29. Ke4 g6 30. f4 f5+ 31. gxf5 gxf5+ 32. Kf3 Rd3 33. Ke2 Rxc3 34. fxe5 f4 35. Bd2 Nd4+ 36. Ke1 Nxb5 37. Rxb5 Rh3 38. Ra5 f3 39. Be3 Rxh4 40. Rxa7 Re4 41. Kf2 Rxe3 42. Ra8+ Kc7 43. Kxe3 f2 44. e6 f1=Q 45. exf7 Qxf7 46. Kd4 Qf4+ 47. Kc3 Kc6 48. Rc8+ Kb5 49. Ra8 Qe3+ 50. Kb2 Kb4 51. Rb8 Qd2+ 52. Kb1 Kc3 0-1


[Site "https://www.chess.com"]

[Event "Titled Tuesday Blitz June 20 Early 2023"]
[White "Ansh M Shah"]
[Black "djokovic74"]
[WhiteFideId "25033379"]
[WhiteElo "2084"]
[BlackElo "2635"]
[Result "0-1"]
[Round "8"]
[TimeControl "180+2"]
[Date "2023.06.20"]
[WhiteClock "0:02:33"]
[BlackClock "0:02:42"]
[Board "80"]

1. d4 e6 2. c4 Nf6 3. g3 d5 4. Bg2 Be7 5. Nf3 O-O 6. O-O c6 7. Qc2 b6 8. Nbd2 Bb7 9. e4 Na6 10. a3 c5 11. exd5 exd5 12. dxc5 Nxc5 13. b4 Ne6 14. Bb2 Rc8 15. Rac1 dxc4 16. Qa4 a6 17. b5 axb5 18. Qxb5 Rc5 19. Qb4 Nd5 20. Qa4 c3 0-1


[Site "https://www.chess.com"]

[Event "Titled Tuesday Blitz June 20 Early 2023"]
[White "Domingo Nunez, Alejandro"]
[Black "Herzog2012"]
[WhiteFideId "22245561"]
[WhiteElo "2291"]
[BlackElo "2440"]
[Result "1-0"]
[Round "8"]
[TimeControl "180+2"]
[Date "2023.06.20"]
[WhiteClock "0:00:03"]
[BlackClock "0:00:00"]
[Board "81"]

1. Nf3 c5 2. g3 Nf6 3. Bg2 d5 4. O-O Bg4 5. d4 Bxf3 6. Bxf3 cxd4 7. Qxd4 Nc6 8. Qa4 Qd7 9. Rd1 e6 10. c4 Ne5 11. Qxd7+ Kxd7 12. cxd5 Nxf3+ 13. exf3 Nxd5 14. Nc3 Bc5 15. Nxd5 exd5 16. Rxd5+ Kc6 17. Rd1 Rhe8 18. Kf1 Rad8 19. Rxd8 Rxd8 20. Ke2 Bd4 21. Rb1 Kb5 22. Be3 Bf6 23. Rc1 Rd7 24. b3 b6 25. Rc4 g6 26. f4 Be7 27. h4 f5 28. a4+ Ka6 29. Rc8 Ka5 30. Rc4 Bb4 31. Rd4 Rc7 32. Rd5+ Ka6 33. Rb5 Bc3 34. h5 Bf6 35. Kf3 Rc6 36. g4 Be7 37. h6 fxg4+ 38. Kxg4 Bf6 39. f5 gxf5+ 40. Rxf5 Bc3 41. Rf7 Ka5 42. Rxa7+ Kb4 43. Rxh7 Kxb3 44. Rb7 Kxa4 45. Rxb6 Rxb6 46. Bxb6 Kb5 47. Bd8 Kc6 48. Kg5 Kd7 49. Bf6 Bd2+ 50. f4 Ke6 51. h7 1-0


[Site "https://www.chess.com"]

[Event "Titled Tuesday Blitz June 20 Early 2023"]
[White "Topalov, Aleksandar"]
[Black "ArtemDyachuk"]
[WhiteFideId "925659"]
[WhiteElo "2151"]
[BlackElo "2620"]
[Result "1-0"]
[Round "8"]
[TimeControl "180+2"]
[Date "2023.06.20"]
[WhiteClock "0:00:12"]
[BlackClock "0:00:14"]
[Board "82"]

1. b3 e5 2. Bb2 Nc6 3. c4 Nf6 4. e3 d6 5. Nf3 e4 6. Nd4 Ne5 7. Be2 c5 8. Nb5 a6 9. N5c3 Bf5 10. h3 Qd7 11. g4 Bg6 12. g5 Ng8 13. Nd5 Ne7 14. Nb6 Qd8 15. Nxa8 Qxa8 16. Bxe5 dxe5 17. Nc3 Qd8 18. h4 h6 19. gxh6 Rxh6 20. h5 Bh7 21. Qc2 f5 22. O-O-O Nc6 23. Nd5 Nb4 24. Nxb4 cxb4 25. d3 Qa5 26. dxe4 fxe4 27. Kb1 Bc5 28. Rd5 Qc7 29. Bg4 Bg8 30. Rd7 Qxd7 31. Bxd7+ Kxd7 32. Rg1 Bf8 33. Kb2 Bh7 34. c5 Rc6 35. Qc4 Ke8 36. Qxb4 b5 37. Rd1 Bxc5 38. Qd2 Bf5 39. Qd8+ Kf7 40. Rd7+ Ke6 41. Qe8+ Kf6 42. Rf7+ Kg5 43. Qxc6 Bb4 44. Qc7 Bg4 45. Rxg7+ Kh4 46. Rxg4+ Kxg4 47. h6 a5 48. h7 a4 49. bxa4 Kf3 50. h8=Q Ke2 51. Qhxe5 Be1 52. Qxe4 Kf1 53. Qd3+ Kg1 54. Qg3+ Kh1 55. Qh7# 1-0


[Site "https://www.chess.com"]

[Event "Titled Tuesday Blitz June 20 Early 2023"]
[White "Bogaudinov, Rushan"]
[Black "Vlassov, Nikolai"]
[WhiteFideId "4129288"]
[BlackFideId "4103360"]
[WhiteElo "1967"]
[BlackElo "2324"]
[Result "0-1"]
[Round "8"]
[TimeControl "180+2"]
[Date "2023.06.20"]
[WhiteClock "0:00:00"]
[BlackClock "0:00:07"]
[Board "83"]

1. a3 Nf6 2. Nf3 c5 3. e3 b6 4. b4 Bb7 5. Be2 e6 6. bxc5 Bxc5 7. Bb2 O-O 8. O-O d5 9. d3 Nbd7 10. Nbd2 Rc8 11. Nb3 Bd6 12. c4 dxc4 13. dxc4 Bb8 14. Nbd4 a6 15. Rc1 Qc7 16. g3 Rfd8 17. Ng5 h6 18. Ngf3 Nc5 19. Qe1 Ba8 20. Qb4 Qb7 21. Rfd1 Bd6 22. Qe1 Be7 23. Nb3 Na4 24. Rxd8+ Rxd8 25. Rb1 Nxb2 26. Rxb2 Bxa3 27. Rb1 Ne4 28. Nbd4 Bc5 29. Nb3 Be7 30. Rd1 Ng5 31. Rxd8+ Bxd8 32. Nbd2 Nh3+ 33. Kg2 Ng5 34. h4 Ne4 35. Nxe4 Qxe4 36. Qd1 Bf6 37. Qd7 a5 38. Qe8+ Kh7 39. Qxf7 a4 40. Qd7 Qc6 41. Bd3+ Kg8 42. Qxc6 Bxc6 43. e4 a3 44. Bb1 Bc3 45. Ba2 Bxe4 46. g4 g5 47. hxg5 hxg5 48. Kg3 Bf6 49. Nd2 Bc2 50. f3 Kf8 51. Ne4 Be5+ 52. Kf2 Bf4 53. Ke2 Ke7 54. Nf2 Kd6 55. Nd3 Bg3 56. Kd2 Ba4 57. Kc3 Bc6 58. Kb4 Bxf3 59. Kxa3 Bxg4 60. Kb4 Bf5 61. Kc3 Be5+ 62. Kd2 g4 63. Ne1 g3 64. Ke3 Kc5 65. Bb3 Bd4+ 66. Kf3 Bf2 67. Ng2 Bd3 68. Nf4 Bxc4 69. Bxc4 Kxc4 70. Nxe6 b5 71. Nf4 b4 72. Ke2 b3 73. Nd3 Kc3 74. Nc1 b2 0-1


[Site "https://www.chess.com"]

[Event "Titled Tuesday Blitz June 20 Early 2023"]
[White "Kononenko, Dmitry"]
[Black "Omariev, Maksim"]
[WhiteFideId "14113538"]
[BlackFideId "4193423"]
[WhiteElo "2198"]
[BlackElo "2384"]
[Result "0-1"]
[Round "8"]
[TimeControl "180+2"]
[Date "2023.06.20"]
[WhiteClock "0:00:51"]
[BlackClock "0:00:13"]
[Board "84"]

1. e4 c5 2. Nf3 d6 3. d4 cxd4 4. Nxd4 Nf6 5. Nc3 a6 6. Bc4 e6 7. Bb3 b5 8. O-O Be7 9. f4 O-O 10. a3 Bb7 11. f5 e5 12. Nde2 Nxe4 13. Nxe4 Bxe4 14. Ng3 Bb7 15. f6 Bxf6 16. Nh5 Nd7 17. Qxd6 Be7 18. Qd3 Qb6+ 19. Kh1 Nc5 20. Qg3 Qg6 21. Qxg6 hxg6 22. Ng3 Nxb3 23. cxb3 f5 24. Bd2 f4 25. Rfc1 fxg3 26. Rc7 Rab8 27. Rxe7 Rf2 28. Bc3 Rxg2 29. Rxb7 Rxh2+ 30. Kg1 Rxb7 31. Bxe5 Re7 32. Bxg3 Rxb2 33. b4 Ree2 34. Kf1 Rg2 35. Bb8 Rbf2+ 36. Ke1 Rc2 37. Ba7 g5 38. Rd1 g4 39. Rd8+ Kh7 40. Kf1 Rh2 41. Rd1 g3 42. Bg1 Rhe2 43. Bd4 Rcd2 44. Rxd2 Rxd2 45. Be3 Ra2 46. Bc5 Kg6 47. Kg1 Kf5 48. Bd6 Kg4 49. Kf1 Kf3 50. Ke1 g2 51. Bc5 Ra1+ 52. Kd2 g1=Q 53. Bxg1 Rxg1 54. Kd3 Ra1 55. Kd4 Rxa3 56. Kc5 Ra4 57. Kb6 g5 58. Kc6 g4 59. Kb6 g3 60. Kb7 g2 61. Ka7 g1=Q+ 62. Kb7 Qb1 63. Ka8 Qxb4 64. Kb7 Qe7+ 65. Ka8 Rh4 66. Kb8 Rh8# 0-1


[Site "https://www.chess.com"]

[Event "Titled Tuesday Blitz June 20 Early 2023"]
[White "Ahmad, Khagan"]
[Black "Pavlidou, Ekaterini"]
[WhiteFideId "13431552"]
[BlackFideId "4213262"]
[WhiteElo "2209"]
[BlackElo "2126"]
[Result "1-0"]
[Round "8"]
[TimeControl "180+2"]
[Date "2023.06.20"]
[WhiteClock "0:00:12"]
[BlackClock "0:00:14"]
[Board "85"]

1. e4 c5 2. Nf3 Nc6 3. d4 cxd4 4. Nxd4 Nf6 5. Nc3 e5 6. Ndb5 d6 7. Bg5 a6 8. Na3 b5 9. Nd5 Be7 10. Bxf6 Bxf6 11. c4 b4 12. Nc2 a5 13. Be2 Be6 14. O-O Bg5 15. Nce3 O-O 16. g3 Bxe3 17. fxe3 Qg5 18. Qd2 Bxd5 19. exd5 Ne7 20. Bd3 f5 21. c5 dxc5 22. d6 Ng6 23. Rxf5 Rxf5 24. Bxf5 Rf8 25. Bxg6 hxg6 26. d7 e4 27. Rd1 Rd8 28. b3 Qe7 29. Qd5+ Qf7 30. Kg2 Qxd5 31. Rxd5 a4 32. Kh3 Kf7 33. Rxc5 axb3 34. axb3 Rxd7 35. Rc4 Rd3 36. Rxb4 Rxe3 37. Kg4 Ke6 38. Kf4 Rc3 39. Rxe4+ Kf6 40. b4 Rc2 41. h4 Rb2 42. Rc4 Kf7 43. Kg5 Rb3 44. g4 Rg3 45. Rf4+ Kg8 46. Kxg6 Rb3 47. Rc4 Kf8 48. g5 Rh3 49. Rc8+ Ke7 50. Kxg7 Rxh4 51. Rb8 Rg4 52. g6 Rh4 53. Rb5 Rh1 54. Kg8 Kf6 55. g7 Rd1 56. Rb6+ Ke7 57. Rh6 Rd8+ 58. Kh7 Kf7 59. Rh1 Rd7 60. g8=Q+ Kf6+ 61. Kh6 Rd4 62. Qg7+ Kf5 63. Qxd4 Ke6 64. Rf1 Ke7 65. Rf6 Ke8 66. b5 1-0


[Site "https://www.chess.com"]

[Event "Titled Tuesday Blitz June 20 Early 2023"]
[White "Skaric, Djuro"]
[Black "Akhmedinov, Satbek"]
[WhiteFideId "934569"]
[BlackFideId "13714287"]
[WhiteElo "2282"]
[BlackElo "1998"]
[Result "0-1"]
[Round "8"]
[TimeControl "180+2"]
[Date "2023.06.20"]
[WhiteClock "0:01:12"]
[BlackClock "0:02:25"]
[Board "86"]

1. g3 g6 2. Bg2 Bg7 3. d3 Nf6 4. Nc3 O-O 5. e4 d6 6. h3 Nbd7 7. f4 e5 8. Nf3 Nh5 9. Ne2 f5 10. exf5 gxf5 11. O-O Qf6 12. Kh2 Nc5 13. Nc3 Be6 14. Nxe5 Nxg3 15. Kxg3 dxe5 16. fxe5 Qg6+ 17. Kh2 f4 18. d4 Bxh3 19. Qf3 Bg4 20. Qf2 f3 21. Bh3 Bxh3 22. Kxh3 Rf5 23. Qh4 Qg2# 0-1


[Site "https://www.chess.com"]

[Event "Titled Tuesday Blitz June 20 Early 2023"]
[White "Jakubowski, Krzysztof"]
[Black "MAHanif"]
[WhiteFideId "1112848"]
[WhiteElo "2359"]
[BlackElo "2339"]
[Result "1-0"]
[Round "8"]
[TimeControl "180+2"]
[Date "2023.06.20"]
[WhiteClock "0:01:07"]
[BlackClock "0:01:17"]
[Board "87"]

1. e4 c6 2. Nf3 d5 3. d3 dxe4 4. dxe4 Qxd1+ 5. Kxd1 Bg4 6. Be2 Nd7 7. Ne1 Bxe2+ 8. Kxe2 O-O-O 9. Be3 e5 10. Nd3 f6 11. a4 c5 12. Nd2 b6 13. a5 b5 14. c4 b4 15. Nb3 Ne7 16. Ndxc5 Nxc5 17. Nxc5 Nc6 18. Ne6 Rd7 19. a6 Be7 20. Rhd1 g6 21. Rd5 Rd6 22. Nc5 Rxd5 23. cxd5 Nd4+ 24. Bxd4 exd4 25. Ne6 Bd6 26. Rc1+ Kd7 27. Nxd4 Be5 28. Kd3 1-0


[Site "https://www.chess.com"]

[Event "Titled Tuesday Blitz June 20 Early 2023"]
[White "Rosh Jain"]
[Black "Budrewicz, Krzysztof"]
[WhiteFideId "25789465"]
[BlackFideId "1127950"]
[WhiteElo "2233"]
[BlackElo "2230"]
[Result "0-1"]
[Round "8"]
[TimeControl "180+2"]
[Date "2023.06.20"]
[WhiteClock "0:00:00"]
[BlackClock "0:00:22"]
[Board "88"]

1. e4 d5 2. exd5 Nf6 3. d4 Nxd5 4. Nf3 g6 5. Bd3 Bg7 6. O-O O-O 7. c4 Nb6 8. Be3 Nc6 9. Be2 Bg4 10. c5 Nd5 11. Nc3 Nxe3 12. fxe3 Bh6 13. Qd3 Bf5 14. e4 Bg4 15. Rad1 Bg7 16. e5 a6 17. Qe3 Nb4 18. a3 Nd5 19. Qe4 c6 20. Qxg4 Ne3 21. Qh4 Nxd1 22. Rxd1 f6 23. Bc4+ Kh8 24. e6 Qc7 25. Rd3 Rad8 26. Nd2 f5 27. Nf3 h6 28. Ng5 Rf6 29. Nf7+ Kh7 30. Nxd8 Qxd8 31. d5 Qa5 32. Qf2 Rf8 33. d6 Be5 34. dxe7 Re8 35. Rd8 Rxd8 36. exd8=Q Qxd8 37. Qe2 Bd4+ 38. Kh1 Bxc5 39. Qe5 Be7 40. Ne2 b5 0-1


[Site "https://www.chess.com"]

[Event "Titled Tuesday Blitz June 20 Early 2023"]
[White "Wang, Alexander J"]
[Black "Starozhilov, Leonid"]
[WhiteFideId "30955270"]
[BlackFideId "14106752"]
[WhiteElo "2316"]
[BlackElo "2352"]
[Result "1/2-1/2"]
[Round "8"]
[TimeControl "180+2"]
[Date "2023.06.20"]
[WhiteClock "0:00:04"]
[BlackClock "0:00:09"]
[Board "89"]

1. e4 g6 2. d4 Bg7 3. Nf3 d6 4. Nc3 Nf6 5. Be2 O-O 6. Be3 Bg4 7. O-O Nc6 8. h3 Bxf3 9. Bxf3 e5 10. dxe5 Nxe5 11. Be2 a6 12. f4 Nc6 13. Bf3 Nd7 14. Qd2 Re8 15. Nd5 Nc5 16. Bxc5 dxc5 17. c3 Ne7 18. Nxe7+ Qxe7 19. Rad1 Rad8 20. Qc2 g5 21. f5 Be5 22. Rxd8 Rxd8 23. Rd1 Rd6 24. Rxd6 cxd6 25. Qd3 Kg7 26. Qd5 b5 27. Kf2 c4 28. Bh5 Qa7+ 29. Ke2 Bf4 30. Qd4+ Qxd4 31. cxd4 Bc1 32. b3 cxb3 33. axb3 a5 34. Kd3 Bb2 35. d5 Kf6 36. Kc2 Bd4 37. Kd3 Bc5 38. Kc2 a4 39. bxa4 bxa4 40. Kd3 a3 41. Kc2 Bd4 42. Kb3 Bb2 43. g4 Ke7 44. Ka2 h6 45. Kb3 f6 46. Ka2 Kd7 47. Kb3 Kc7 48. Be8 Kb6 49. e5 dxe5 50. d6 e4 51. d7 Kc7 52. Kc2 e3 53. Bf7 Kxd7 54. Kd3 Bc1 55. Kc2 Bd2 56. Bc4 Kd6 57. Kb3 Kc5 58. Be2 Bc1 59. Kc2 Bb2 60. Kd3 a2 61. Kxe3 a1=Q 62. Bc4 Be5 63. h4 Qd4+ 64. Ke2 Qxc4+ 65. Kd2 Qc3+ 66. Kd1 Kd4 67. h5 Ke3 1/2-1/2


[Site "https://www.chess.com"]

[Event "Titled Tuesday Blitz June 20 Early 2023"]
[White "whiteglovethief"]
[Black "Haug, Havard"]
[BlackFideId "1547887"]
[WhiteElo "2520"]
[BlackElo "2396"]
[Result "0-1"]
[Round "8"]
[TimeControl "180+2"]
[Date "2023.06.20"]
[WhiteClock "0:00:00"]
[BlackClock "0:00:44"]
[Board "90"]

1. d4 d5 2. c4 e6 3. Nf3 c5 4. cxd5 exd5 5. g3 Nf6 6. Bg2 Nc6 7. O-O Be7 8. Nc3 O-O 9. Bg5 c4 10. Ne5 Be6 11. Rc1 h6 12. Bxf6 Bxf6 13. f4 Qb6 14. e3 Rad8 15. Na4 Qc7 16. b3 Bxe5 17. fxe5 cxb3 18. Qxb3 Qe7 19. Nc5 Na5 20. Qa4 b6 21. Nb3 Nc4 22. Rfe1 Rc8 23. e4 dxe4 24. Bxe4 Qg5 25. Qa6 Nd2 26. Nxd2 Rxc1 27. Rxc1 Qxd2 0-1


[Site "https://www.chess.com"]

[Event "Titled Tuesday Blitz June 20 Early 2023"]
[White "Camilla_Lee"]
[Black "Korchmar, Vasiliy"]
[BlackFideId "24131750"]
[WhiteElo "2518"]
[BlackElo "2370"]
[Result "0-1"]
[Round "8"]
[TimeControl "180+2"]
[Date "2023.06.20"]
[WhiteClock "0:00:05"]
[BlackClock "0:00:02"]
[Board "91"]

1. e4 c5 2. Nf3 d6 3. d4 cxd4 4. Nxd4 Nf6 5. Nc3 Nc6 6. Bc4 Qb6 7. Nb3 e6 8. Be3 Qc7 9. Qe2 a6 10. a4 Be7 11. a5 O-O 12. O-O Ne5 13. Bd3 Bd7 14. Bb6 Qb8 15. f4 Nxd3 16. Qxd3 Bc6 17. Rad1 Nd7 18. Be3 b5 19. axb6 Nxb6 20. Na5 Bd7 21. Qd4 Nc8 22. e5 d5 23. f5 Bb4 24. f6 Bxa5 25. Qg4 g6 26. Qg5 Bb6 27. Rd4 Bxd4 28. Bxd4 Kh8 29. Rf4 Qxb2 30. Qh6 Qc1+ 31. Kf2 Rg8 32. Ne2 Qd2 33. Be3 g5 34. Bxd2 gxf4 35. Nxf4 Nb6 36. Bb4 Nc4 37. Nd3 a5 38. Bc3 a4 39. Nf4 a3 40. Nh3 Rg6 41. Qh5 Kg8 42. Ng5 h6 43. Nf3 a2 44. g4 a1=Q 45. Bxa1 Rxa1 46. g5 Ra2 47. Nd4 hxg5 48. Qh6 Nxe5 49. Qh3 g4 50. Qb3 Ra8 51. Qb7 g3+ 52. hxg3 Rxf6+ 53. Ke2 Rf8 54. Qc7 Bc8 55. Qxe5 Rg6 56. Nf3 Ba6+ 57. Ke3 Bc4 58. Nh4 Rg4 59. Kf3 Rg7 60. Qf6 Re8 61. Qe5 Ba2 62. g4 Bb1 63. c3 Be4+ 64. Kf4 Bg6 65. Nf3 Rc8 66. Nd4 Be4 67. g5 Rg6 68. Qd6 Rf8 69. Ne2 Re8 70. Ng3 e5+ 71. Kg4 Rxd6 0-1


[Site "https://www.chess.com"]

[Event "Titled Tuesday Blitz June 20 Early 2023"]
[White "Gubajdullin, Alexei"]
[Black "Rodchenkov, Sergey D."]
[WhiteFideId "4141202"]
[BlackFideId "4168712"]
[WhiteElo "2279"]
[BlackElo "2277"]
[Result "0-1"]
[Round "8"]
[TimeControl "180+2"]
[Date "2023.06.20"]
[WhiteClock "0:00:13"]
[BlackClock "0:01:08"]
[Board "92"]

1. d4 d5 2. Nf3 Nf6 3. Bf4 e6 4. e3 Bd6 5. Bg3 O-O 6. Nbd2 c5 7. c3 Qc7 8. Bd3 Nbd7 9. Bxd6 Qxd6 10. O-O e5 11. dxe5 Nxe5 12. Nxe5 Qxe5 13. h3 Be6 14. Nf3 Qd6 15. Qa4 Rfd8 16. Rfd1 a6 17. b4 Rac8 18. Qa5 b6 19. Qxa6 c4 20. Bc2 Ra8 21. Qb5 Qc7 22. Ne5 Qxe5 23. Qxb6 Qxc3 24. Rac1 Rdb8 25. Qxb8+ Rxb8 26. Bxh7+ Kxh7 27. Rxc3 Rxb4 28. f3 Ra4 29. a3 Nd7 30. g4 Ne5 31. Kg2 g6 32. h4 Ra5 33. Rb1 Nd3 34. Rb7 Nc5 35. Rc7 Nb3 36. Kg3 Rxa3 37. f4 Ra1 38. f5 gxf5 39. gxf5 Bxf5 40. Rxf7+ Kg6 41. Rf8 Nd2 42. h5+ Kg5 43. Rg8+ Kf6 44. Kf4 Rf1+ 0-1


[Site "https://www.chess.com"]

[Event "Titled Tuesday Blitz June 20 Early 2023"]
[White "Domingo Nunez, Ruben"]
[Black "Shapiro, Viktor"]
[WhiteFideId "22245570"]
[BlackFideId "4175700"]
[WhiteElo "2404"]
[BlackElo "2212"]
[Result "0-1"]
[Round "8"]
[TimeControl "180+2"]
[Date "2023.06.20"]
[WhiteClock "0:00:00"]
[BlackClock "0:00:18"]
[Board "93"]

1. b3 Nf6 2. Bb2 d5 3. Nf3 Bf5 4. g3 e6 5. Bg2 Nbd7 6. O-O Be7 7. d3 h6 8. Nbd2 O-O 9. Ne5 Nxe5 10. Bxe5 a5 11. e4 Bh7 12. a4 c6 13. Qe2 b5 14. Kh1 Nd7 15. Bb2 Bf6 16. e5 Be7 17. axb5 cxb5 18. Nf3 a4 19. bxa4 bxa4 20. Ba3 Bxa3 21. Rxa3 Qe7 22. Rfa1 Nb6 23. Qe3 Qc7 24. Qd4 Rfb8 25. R1a2 Ra5 26. h4 Rc5 27. c3 Rb5 28. Kh2 Bg6 29. Ne1 Rb3 30. Rxb3 axb3 31. Rb2 Nd7 32. Nf3 Nc5 33. Bf1 Qa5 34. Nd2 Qa3 35. c4 Bxd3 36. cxd5 Bxf1 37. Nxf1 exd5 38. Nd2 Ne6 39. Qc3 d4 40. Qc1 Nc5 41. Qb1 Qb4 42. Qa1 Qc3 43. Qb1 d3 44. Kg2 Qxe5 45. Kg1 Qd5 46. Qc1 f6 47. Qc3 Re8 48. Rb1 Re2 49. Nxb3 Ne4 50. Qc8+ Kh7 0-1


[Site "https://www.chess.com"]

[Event "Titled Tuesday Blitz June 20 Early 2023"]
[White "Gontcharov, Vladislav"]
[Black "Horak, Martin"]
[WhiteFideId "4123492"]
[BlackFideId "367095"]
[WhiteElo "2420"]
[BlackElo "2091"]
[Result "0-1"]
[Round "8"]
[TimeControl "180+2"]
[Date "2023.06.20"]
[WhiteClock "0:00:14"]
[BlackClock "0:00:06"]
[Board "94"]

1. d4 Nf6 2. c4 e6 3. Nc3 Bb4 4. e3 O-O 5. Bd3 c5 6. a3 Bxc3+ 7. bxc3 d5 8. Ne2 dxc4 9. Bxc4 Qc7 10. Bd3 b6 11. O-O Bb7 12. Ng3 e5 13. e4 cxd4 14. cxd4 exd4 15. f4 Nbd7 16. e5 Nd5 17. Qh5 g6 18. Qe2 Nc5 19. Bc4 Nc3 20. Qc2 Bd5 21. Bxd5 Nxd5 22. Bd2 Rac8 23. Rae1 Rfe8 24. h4 Qe7 25. h5 Qh4 26. Rf3 Ne6 27. Qe4 Nc3 28. Bxc3 dxc3 29. Qe3 c2 30. Rc1 Red8 31. hxg6 hxg6 32. Rff1 Nd4 33. Ne4 Nf5 34. Qb3 Kg7 35. Ng5 Rc7 36. e6 Ng3 37. Nxf7 Ne2# 0-1


[Site "https://www.chess.com"]

[Event "Titled Tuesday Blitz June 20 Early 2023"]
[White "Baches Garcia, Guillermo"]
[Black "Becerra, Juan David"]
[WhiteFideId "2209764"]
[BlackFideId "4404998"]
[WhiteElo "2491"]
[BlackElo "2304"]
[Result "1/2-1/2"]
[Round "8"]
[TimeControl "180+2"]
[Date "2023.06.20"]
[WhiteClock "0:00:16"]
[BlackClock "0:00:08"]
[Board "95"]

1. e4 e5 2. Nf3 Nc6 3. Nc3 Nf6 4. d4 exd4 5. Nxd4 Bb4 6. Nxc6 bxc6 7. Bd3 d5 8. Bd2 O-O 9. O-O Bxc3 10. Bxc3 Nxe4 11. Bxe4 dxe4 12. Qe2 Re8 13. Rad1 Qe7 14. Qe3 a5 15. a3 Bg4 16. Qg3 f5 17. Rd2 Bh5 18. Re1 h6 19. h4 Kh7 20. Re3 a4 21. Qf4 Qe6 22. Qxc7 Re7 23. Qf4 Rd7 24. Rg3 Rg8 25. Rxd7 Qxd7 26. Qe5 Bg4 27. Qd4 Qxd4 28. Bxd4 g5 29. hxg5 hxg5 30. Rc3 Rg6 31. f3 exf3 32. gxf3 Bh5 33. Kf2 Re6 34. Rc5 Kg6 35. c3 g4 36. fxg4 Bxg4 37. Kg3 Kg5 38. Re5 Rd6 39. Be3+ Kf6 40. Bd4 Kg5 41. Be3+ Kg6 42. Bd4 Kg5 1/2-1/2


[Site "https://www.chess.com"]

[Event "Titled Tuesday Blitz June 20 Early 2023"]
[White "Vyatkin, Dmitry"]
[Black "Degenbaev, Aziz"]
[WhiteFideId "4171900"]
[BlackFideId "13802640"]
[WhiteElo "2279"]
[BlackElo "2152"]
[Result "1-0"]
[Round "8"]
[TimeControl "180+2"]
[Date "2023.06.20"]
[WhiteClock "0:01:11"]
[BlackClock "0:01:47"]
[Board "96"]

1. d4 Nf6 2. c4 g6 3. g3 Bg7 4. Bg2 c5 5. d5 d6 6. Nc3 O-O 7. Nf3 e6 8. O-O Re8 9. Nd2 Na6 10. dxe6 fxe6 11. Nde4 Nxe4 12. Nxe4 d5 13. Bg5 Qd7 14. Nf6+ Bxf6 15. Bxf6 d4 16. e3 dxe3 17. Qxd7 Bxd7 18. Bxb7 Nb4 19. Bxa8 Rxa8 20. fxe3 Nc2 21. Rad1 Bc6 22. Rd6 Be4 23. Rf4 Bf5 24. g4 e5 1-0


[Site "https://www.chess.com"]

[Event "Titled Tuesday Blitz June 20 Early 2023"]
[White "Santos Flores, Alberto"]
[Black "Aldokhin, Ivan"]
[WhiteFideId "3601234"]
[BlackFideId "24115720"]
[WhiteElo "2235"]
[BlackElo "2322"]
[Result "0-1"]
[Round "8"]
[TimeControl "180+2"]
[Date "2023.06.20"]
[WhiteClock "0:00:47"]
[BlackClock "0:01:30"]
[Board "97"]

1. e4 c5 2. Nf3 e6 3. g3 b6 4. Bg2 Bb7 5. Qe2 d6 6. O-O a6 7. c3 Nf6 8. d3 Be7 9. a3 O-O 10. b4 Nbd7 11. Nbd2 b5 12. d4 cxd4 13. cxd4 Rc8 14. Bb2 Rc2 15. Ra2 Bxe4 16. Rc1 Qc7 17. Raa1 Bd5 18. Qd3 Rc8 19. Ne1 Rxc1 20. Rxc1 Qb7 21. Rxc8+ Qxc8 22. Nef3 Nb6 23. h4 h6 24. Qe3 Na4 25. Ba1 Qc1+ 26. Qe1 Qxa3 27. Qb1 Nc3 28. Bxc3 Qxc3 29. Kf1 Bd8 30. Ke2 Bb6 31. Qd3 Qxb4 0-1


[Site "https://www.chess.com"]

[Event "Titled Tuesday Blitz June 20 Early 2023"]
[White "Parpiev, Isaak"]
[Black "Moskvin, Anatoly"]
[WhiteFideId "34281576"]
[BlackFideId "24199990"]
[WhiteElo "2167"]
[BlackElo "2104"]
[Result "0-1"]
[Round "8"]
[TimeControl "180+2"]
[Date "2023.06.20"]
[WhiteClock "0:01:51"]
[BlackClock "0:01:52"]
[Board "98"]

1. Nf3 g6 2. e4 Bg7 3. d4 c6 4. g3 d5 5. e5 Bg4 6. Bg2 e6 7. O-O Ne7 8. c3 Nd7 9. h3 Bxf3 10. Bxf3 h6 11. h4 Qc7 12. h5 O-O-O 13. b4 Rdg8 14. a4 f6 15. exf6 Bxf6 16. b5 gxh5 17. Bxh5 Rxg3+ 18. fxg3 Qxg3+ 19. Kh1 Qh3+ 20. Kg1 Rg8+ 21. Kf2 Bh4+ 22. Ke2 Rg2+ 0-1


[Site "https://www.chess.com"]